 Dungeon Crawl Stone Soup version 0.26.1-11-gd32895ea62 (webtiles) character file.

Game seed: 11866502694562264152

26 Amplified the Ruffian (level 2, 0/24 HPs)
             Began as a Minotaur Transmuter on June 14, 2021.
             Slain by a hobgoblin
             ... wielding a +0 club
              (1 damage)
             ... on level 2 of the Dungeon.
             The game lasted 00:01:23 (990 turns).

Amplified the Ruffian (Minotaur Transmuter)          Turns: 990, Time: 00:01:24

Health: 0/24       AC:  8    Str: 14    XL:     2   Next: 89%
Magic:  3/3        EV:  6    Int: 10    God:
Gold:   36         SH:  0    Dex: 10    Spells: 2/3 levels left

rFire    . . .     SeeInvis .   c - -1 hand axe (curse)
rCold    . . .     Faith    .   (no shield)
rNeg     . . .     Spirit   .   b - +0 chain mail
rPois    .         Reflect  .   (helmet restricted)
rElec    .         Harm     .   (no cloak)
rCorr    .         Rampage  .   (no gloves)
Will     .....                  (no boots)
Stlth    ..........             (no amulet)
HPRegen  0.08/turn              (no ring)
MPRegen  0.08/turn              (no ring)

@: lethally poisoned (0 -> -5)
A: retaliatory headbutt, horns 2
a: no special abilities


You were on level 2 of the Dungeon.
You visited 1 branch of the dungeon, and saw 2 of its levels.

You collected 36 gold pieces.

Inventory:

Hand Weapons
 c - a cursed -1 hand axe (weapon)
Missiles
 d - 52 poisoned darts (quivered)
Armour
 b - a +0 chain mail (worn)
Scrolls
 e - a scroll of enchant armour
 h - a scroll of amnesia {unknown}


   Skills:
 * Level 2.0 Fighting
 * Level 1.3 Axes
 * Level 1.3 Armour
 * Level 2.7 Dodging
 - Level 3.2 Unarmed Combat
 - Level 1.3 Spellcasting
 - Level 1.5 Transmutations


You had 2 spell levels left.
You knew the following spells:

 Your Spells              Type           Power        Failure   Level
a - Beastly Appendage     Tmut           6%           99%         1

Your spell library contained the following spells:

 Spells                   Type           Power        Failure   Level
 Wereblood                Tmut           3%           100%        2
 Spider Form              Tmut/Pois      1%           100%        3
 Ice Form                 Ice/Tmut       2%           100%        4
 Blade Hands              Tmut           1%           100%        5


Dungeon Overview and Level Annotations

Branches:
Dungeon (2/15)

Altars:
Ashenzari
Vehumet
Xom

Annotations:
D:2 Terence


Innate Abilities, Weirdness & Mutations

You reflexively headbutt those who attack you in melee.
You have a pair of horns on your head.


Message History

The poisoned dart barely misses the hobgoblin.
Unknown command.
You hit the hobgoblin but do no damage.
You feel sick.
A frilled lizard comes into view.
The hobgoblin hits you with a +0 club.
* * * LOW HITPOINT WARNING * * *
You closely miss the hobgoblin. Your headbutt misses the hobgoblin.
* * * LOW HITPOINT WARNING * * *
You feel sick.
The hobgoblin hits you but does no damage.
You aren't carrying any potions.
Unknown command.
You hit the hobgoblin but do no damage. Your headbutt misses the hobgoblin.
* * * LOW HITPOINT WARNING * * *
You feel sick.
The hobgoblin hits you but does no damage.
You hit the hobgoblin but do no damage. The hobgoblin hits you with a +0 club.
* * * LOW HITPOINT WARNING * * *
The hobgoblin hits you with a +0 club.
You die...

............#
.......(....
...........##
............#
............#
#.....l.(..#
#..<.......#
#.....g....#
##....@...##
##......##
########


You could see a hobgoblin and a frilled lizard.

Vanquished Creatures
  An adder (D:2)
  2 dart slugs (D:1)
  3 kobolds
  2 bats (D:1)
  A frilled lizard (D:1)
  2 goblins (D:1)
  5 rats
16 creatures vanquished.

Vanquished Creatures (others)
  A plant (D:1)
1 creature vanquished.

Grand Total: 17 creatures vanquished

Notes
Turn   | Place    | Note
-------+----------+-------------------------------------------
     0 | D:1      | Amplified the Minotaur Transmuter began the quest for the
                  | Orb.
     0 | D:1      | Reached XP level 1. HP: 16/16 MP: 1/1
   416 | D:1      | Reached XP level 2. HP: 21/23 MP: 3/3
   472 | D:1      | Reached skill level 1 in Axes
   472 | D:1      | Reached skill level 1 in Armour
   908 | D:2      | Found a shimmering altar of Xom.
   908 | D:2      | Found a broken altar of Ashenzari.
   908 | D:2      | Found a radiant altar of Vehumet.
   908 | D:2      | Noticed Terence
   990 | D:2      | HP: 1/24 [hobgoblin/+0 club (2)]
   990 | D:2      | Slain by a hobgoblin

Illustrated notes

Levels and vault maps discovered:
D:1:      noname_arrival_rooms_in_the_neighbourhood, layout_basic,
          chequers_big_river, minmay_misc_feat_rows
D:2:      layout_rooms, grunt_temple_overflow_open, kennysheep_generic_room_3,
          uniq_terence

Skill      XL: |  1  2 |
---------------+-------+-----
Axes           | 1 |  1.3
Armour         | 1 |  1.3
Fighting       | 2 |  2.0
Dodging        | |  2.7
Unarmed Combat | |  3.2
Spellcasting   | |  1.3
Transmutations | |  1.5

Action                   || total
-------------------------++-------
Melee: Hand axe          ||    62
       Headbutt          ||     6
       Unarmed           ||     2
Throw: Dart              ||     1
  Use: Scroll            ||     4
Armor: Chain mail        ||    54
Dodge: Dodged            ||    26
